 Dungeon Crawl Stone Soup version 0.30-b1-5-g8e6c1be481 (webtiles) character file.

Game seed: 8293523919259134339

1326 wadad the Cudgeller (level 8, -12/70 HPs)
             Began as a Purple Draconian Fighter on May 3, 2023.
             Was an Elder of Jiyva.
             Mangled by an orc warrior
             ... wielding a +2 heavy scimitar
              (20 damage)
             ... on level 6 of the Dungeon.
             The game lasted 00:30:12 (3666 turns).

wadad the Cudgeller (Purple Draconian Fighter)      Turns: 3666, Time: 00:30:13

Health: -12/70     AC: 14    Str: 20    XL:     8   Next: 34%
Magic:  8/8        EV: 13    Int:  9    God:    Jiyva [****..]
Gold:   132        SH:  4    Dex: 11    Spells: 7/7 levels left

rFire   . . .        g - +1 mace (protect)
rCold   . . .        b - +0 buckler
rNeg    . . .        (body armour unavailable)
rPois   .            (helmet restricted)
rElec   .            (no cloak)
rCorr   +            h - +0 pair of gloves
SInv    .            (no boots)
Will    +....        (no amulet)
Stlth   +            d - ring of resist corrosion
HPRegen 1.59/turn    (no ring)
MPRegen 0.51/turn

%: no passive effects
@: under a protective aura
A: breathe power, AC +6, unfitting armour, cold-blooded, wild magic 3, jelly
absorbing missiles
a: Breathe Dispelling Energy, Renounce Religion, Oozemancy, Slimify


You were on level 6 of the Dungeon.
You worshipped Jiyva.
Jiyva was greatly pleased with you.
You visited 2 branches of the dungeon, and saw 7 of its levels.

You collected 132 gold pieces.

Inventory:

Hand Weapons
 g - a +1 mace of protection (weapon)
Missiles
 D - a curare-tipped dart (quivered)
Armour
 b - a +0 buckler (worn)
 h - a +0 pair of gloves (worn)
 j - the +4 ring mail "Itarash" {rF+ Regen+}
   (You found it on level 6 of the Dungeon)

   rF:        It protects you from fire.
   Regen:     It increases your rate of health regeneration.
Jewellery
 d - a ring of resist corrosion (left hand)
 m - a ring of poison resistance
Scrolls
 e - a scroll of brand weapon
 f - 2 scrolls of identify
 i - 2 scrolls of fear {unknown}
 z - a scroll of silence {unknown}
 E - a scroll of teleportation {unknown}
Potions
 a - a potion of magic {unknown}
 A - a potion of flight {unknown}


   Skills:
 * Level 5.6 Fighting
 - Level 2.6 Long Blades
 * Level 6.9 Maces & Flails
 + Level 1.0 Throwing
 + Level 5.0 Dodging
 + Level 0.4 Stealth
 + Level 4.0 Shields


You had 7 spell levels left.
You didn't know any spells.
Your spell library contained the following spells:

 Spells                   Type           Power      Damage    Failure   Level
 Necrotise                Necr           0%         1d4       71%         1
 Sublimation of Blood     Necr           0%         N/A       82%         2
 Vampiric Draining        Necr           0%         2d6       95%         3
 Passage of Golubria      Tloc           0%         N/A       100%        4
 Petrify                  Tmut/Erth      0%         N/A       100%        4
 Agony                    Necr           0%         N/A       100%        5
 Irradiate                Conj/Tmut      0%         3d11      100%        5
 Silence                  Hex/Air        0%         N/A       100%        5
 Lehudib's Crystal Spear  Conj/Erth      0%         10d2      100%        8


Dungeon Overview and Level Annotations

Branches:
Dungeon (6/15)             Temple (1/1) D:6

Altars:
Elyvilon
Fedhas
Gozag
Hepliaklqana
Makhleb
Nemelex Xobeh
Okawaru
Ru
Trog
Vehumet
Wu Jian
Xom
Jiyva

Shops:
D:4 ?


Innate Abilities, Weirdness & Mutations

You can breathe bolts of dispelling energy.
Your rich purple scales are hard. (AC +6)
You cannot fit into any form of body armour.
You are cold-blooded and may be slowed by cold attacks.
Your spells are much harder to cast, but much more powerful.
You have a small jelly attached to you that may absorb projectiles.


Message History

There is an open door here.
You hear a distant slurping noise.
You hear a distant slurping noise.
You hear a distant slurping noise.
Found an escape hatch in the floor.
You hear a distant slurping noise.
You hear a distant slurping noise.
You can now turn your foes to slime.
An orc warrior comes into view. It is wielding a +2 heavy scimitar.
Found an iron altar of Okawaru.
The orc warrior shouts!
The orc warrior moves out of view.
Okay, then.
Jiyva gurgles merrily.
The orc warrior hits you with a +2 heavy scimitar!!
The orc warrior closely misses you.
The orc warrior attacks as you move away!
You block the orc warrior's attack.
You hit the orc warrior.
Your weapon exudes an aura of protection.
Your tail-slap misses the orc warrior.
The orc warrior is lightly wounded.
The orc warrior hits you with a +2 heavy scimitar!!
You hit the orc warrior.
Your tail-slap misses the orc warrior.
The orc warrior is lightly wounded.
You block the orc warrior's attack.
You barely miss the orc warrior.
You tail-slap the orc warrior, but do no damage.
The orc warrior is lightly wounded.
You hit the orc warrior.
Your tail-slap misses the orc warrior.
The orc warrior is moderately wounded.
The orc warrior hits you with a +2 heavy scimitar!
You hit the orc warrior.
The orc warrior is heavily wounded.
The orc warrior hits you with a +2 heavy scimitar!!
* * * LOW HITPOINT WARNING * * *
You hear a series of splatters.
The orc warrior attacks as you move away!
The orc warrior hits you with a +2 heavy scimitar!!
You die...

....... ....... .#
....... .# .......
.## ....... ####..#
##############.....#
#..........#..8.8.#
#.............._..#
#..........###o@.##
##..........# ###.#
.#..........# .#
.#..........# .#
.#..........# .#
##..........# .#
............# .#
...########## .#
...#


You could see an orc warrior.

Vanquished Creatures
  Menkaure (D:6)
  Edmund (D:6)
  3 black bears
  2 ogres (D:5)
  A kobold brigand (D:4)
  A scorpion (D:4)
  A gnoll bouda (D:5)
  5 hounds
  3 iguanas (D:6)
  An orc wizard (D:4)
  11 gnolls
  9 adders
  A shadow imp (D:5)
  3 ufetubi
  6 worms
  3 orcs
  8 bats
  5 endoplasms (D:1)
  3 giant cockroaches
  6 goblins
  5 hobgoblins
  A jackal (D:1)
  6 kobolds
  A quokka (D:2)
  6 ball pythons
  3 frilled lizards
  10 rats
106 creatures vanquished.

Vanquished Creatures (others)
  A phantom (D:6)
  3 jellies
  A sleepcap (D:6)
  3 adders
  5 endoplasms
  6 orcs
  A goblin (D:3)
  A hobgoblin (D:4)
  A quokka (D:4)
  2 ball pythons (D:3)
  2 bats
  2 frilled lizards
  A kobold (D:4)
  A rat (D:3)
30 creatures vanquished.

Grand Total: 136 creatures vanquished

Notes
Turn   | Place    | Note
-------+----------+-------------------------------------------
     0 | D:1      | wadad the Draconian Fighter began the quest for the Orb.
     0 | D:1      | Reached XP level 1. HP: 19/19 MP: 1/1
    65 | D:1      | Reached XP level 2. HP: 17/26 MP: 2/2
   217 | D:1      | Found a faded altar of an unknown god.
   233 | D:1      | Prayed at the altar of an unknown god.
   233 | D:1      | Became a worshipper of Jiyva Jupudd the Shapeless
   233 | D:1      | Reached * piety under Jiyva
   552 | D:1      | Reached XP level 3. HP: 33/33 MP: 3/3
   651 | D:2      | Reached ** piety under Jiyva
   867 | D:2      | Noticed a black bear
   878 | D:2      | Reached XP level 4. HP: 37/40 MP: 4/4
   892 | D:2      | Killed a black bear
   893 | D:2      | Reached skill level 1 in Maces & Flails
   893 | D:2      | Reached XP level 5. HP: 47/47 MP: 5/5
  1241 | D:3      | Reached skill level 2 in Maces & Flails
  1418 | D:3      | Reached *** piety under Jiyva
  1418 | D:3      | Gained mutation: You have a small jelly attached to you
                  | that may absorb projectiles. [Jiyva's grace]
  1418 | D:3      | Gained mutation: Your spells are a little harder to cast,
                  | but a little more powerful. [Jiyva's grace]
  1418 | D:3      | Gained mutation: Your spells are harder to cast, but more
                  | powerful. [Jiyva's grace]
  1418 | D:3      | Gained mutation: Your spells are much harder to cast, but
                  | much more powerful. [Jiyva's grace]
  1564 | D:3      | Noticed a moth of wrath
  1593 | D:3      | Found a bloodstained altar of Trog.
  1953 | D:4      | Reached skill level 3 in Maces & Flails
  1953 | D:4      | Reached XP level 6. HP: 52/53 MP: 6/6
  2063 | D:4      | Found Vif Luil's Magic Scroll Emporium.
  2248 | D:4      | Reached **** piety under Jiyva
  2334 | D:4      | Reached skill level 4 in Maces & Flails
  2475 | D:5      | Entered Level 5 of the Dungeon
  2495 | D:5      | Found a burning altar of Makhleb.
  2529 | D:5      | Your scales start taking on a rich purple colour.
  2529 | D:5      | Reached XP level 7. HP: 60/60 MP: 7/7
  2589 | D:5      | Reached skill level 5 in Maces & Flails
  2701 | D:5      | Reached skill level 5 in Fighting
  3191 | D:6      | Reached skill level 1 in Throwing
  3206 | D:6      | Reached skill level 6 in Maces & Flails
  3276 | D:6      | Found a staircase to the Ecumenical Temple.
  3293 | Temple   | Entered the Ecumenical Temple
  3419 | D:6      | Reached XP level 8. HP: 67/68 MP: 8/8
  3439 | D:6      | Identified the +4 ring mail "Itarash" {rF+ Regen+}
  3452 | D:6      | Noticed Edmund
  3464 | D:6      | Killed Edmund
  3465 | D:6      | Reached skill level 5 in Dodging
  3471 | D:6      | Noticed Menkaure
  3486 | D:6      | Killed Menkaure
  3652 | D:6      | Found an iron altar of Okawaru.
  3666 | D:6      | Mangled by an orc warrior

Illustrated notes

Levels and vault maps discovered:
D:1:      nzn_arrival_depleted_hourglass, layout_rooms, basic_ecumenical_altar,
          moated_statue, minmay_ruptured
D:2:      wander_river, layout_rooms, minmay_crystal_room
D:3:      layout_basic, tgw_trog, minivault_5, roderic_serpentine_path,
          grunt_decor_clamped, amethyst_killhole
D:4:      layout_rooms, serial_shops, nicolae_shop_rolled_up, nzn_random_ring
D:5:      layout_rooms, kennysheep_mini, hangedman_glass_teeth,
          chequers_serial_rivers_micro_a
D:6:      layout_basic, nicolae_overflow_squiral, minmay_temple_entry_slanted,
          hangedman_feature_mirror, uniq_edmund, uniq_menkaure
Temple:   compressed_dpeg_circular_temple

Skill      XL: |  1  2  3  4  5  6  7  8 |
---------------+-------------------------+-----
Dodging        | 3 4 5 |  5.0
Fighting       | 4 5 |  5.6
Maces & Flails | 1 3 4 6 |  6.9
Throwing       | 1 |  1.0
Shields        | 4 |  4.0
Long Blades    | |  2.6
Stealth        | |  0.4

Action                     |  1- 3 |  4- 6 |  7- 9 || total
---------------------------+-------+-------+-------++-------
  Melee: Long sword        |    95 |       |       ||    95
         Tailslap          |    10 |    21 |    15 ||    46
         Mace              |    21 |   183 |   115 ||   319
  Throw: Dart              |       |     1 |     3 ||     4
 Invoke: Oozemancy         |       |     1 |     1 ||     2
         Slimify           |       |     1 |       ||     1
Ability: Breathe Dispellin |       |       |     4 ||     4
    Use: Scroll            |     1 |     1 |       ||     2
         Potion            |       |       |     1 ||     1
 Armour: Skin              |    61 |    97 |    56 ||   214
  Dodge: Dodged            |   103 |   160 |    71 ||   334
  Block: Buckler           |    37 |    72 |    25 ||   134
